 Dungeon Crawl Stone Soup version 0.20-a0-1122-gb7cbeb9 (webtiles) character file.

58 qqqbard the Digger (level 4, 0/24 HPs)
             Began as a Gargoyle Earth Elementalist on May 11, 2017.
             Slain by a hobgoblin
             ... wielding a +0 club
             ... led by Robin
              (4 damage)
             ... on level 2 of the Dungeon.
             The game lasted 00:03:23 (1499 turns).

qqqbard the Digger (Gargoyle Earth Elementalist)    Turns: 1499, Time: 00:03:25

Health: 0/24       AC:  5    Str: 12    XL:     4   Next: 1%
Magic:  0/8        EV: 12    Int: 16    God:
Gold:   68         SH:  0    Dex: 10    Spells: 5/9 levels left

rFire    . . .     SeeInvis .   (no weapon)
rCold    + . .     Gourm    .   (no shield)
rNeg     + . .     Faith    .   c - +0 robe
rPois    ∞         Spirit   .   (no helmet)
rElec    +         Reflect  .   (no cloak)
rCorr    .         Harm     .   (no gloves)
MR       .....                  (no boots)
Stlth    ++........             (no amulet)
Regen    0.1/turn               n - ring of protection from cold
MPRegen  0.2/turn               (no ring)

@: no status effects
A: negative energy resistance 1, electricity resistance, unbreathing,
petrification resistance, rot immunity, AC +3
a: no special abilities


You were on level 2 of the Dungeon.
You were not hungry.

You visited 1 branch of the dungeon, and saw 2 of its levels.

You collected 68 gold pieces.

Inventory:

Missiles
 b - 55 stones (quivered)
Armour
 c - a +0 robe (worn)
Jewellery
 n - a ring of protection from cold (left hand)
Scrolls
 f - a scroll of remove curse {unknown}
 h - a scroll of blinking {unknown}
 i - a scroll of teleportation {unknown}
 j - a scroll of fog {unknown}
 k - a scroll of magic mapping {unknown}
 p - a scroll of identify {unknown}
Potions
 a - a potion of lignification {unknown}
 g - a potion of brilliance {unknown}
Books
 e - a book of Geomancy

   Spells                             Type                      Level
   a - Sandblast                      Earth                        1
   b - Passwall                       Transmutation/Earth          2
   c - Stone Arrow                    Conjuration/Earth            3
   d - Petrify                        Transmutation/Earth          4
   e - Lee's Rapid Deconstruction     Earth                        5
Comestibles
 d - a bread ration
 l - a royal jelly
 m - 2 fruits
 o - 8 chunks of flesh


   Skills:
 - Level 1.5 Dodging
 - Level 2.1 Stealth
 * Level 3.0 Spellcasting
 + Level 1.0 Conjurations
   Level 0.7 Transmutations
 + Level 4.6 Earth Magic


You had 5 spell levels left.
You knew the following spells:

 Your Spells              Type           Power        Failure   Level  Hunger
a - Sandblast             Erth           ###...       2%          1    #......
b - Stone Arrow           Conj/Erth      ##....       17%         3    ###....


Dungeon Overview and Level Annotations

Branches:
Dungeon (2/15)

Altars:


Innate Abilities, Weirdness & Mutations

You are resistant to torment.
Your stone body is resilient. (AC +3)
You are immune to poison.
You resist negative energy. (rN+)
You are resistant to electric shocks. (rElec)
You can survive without breathing.
You are immune to petrification.
You are immune to rotting.


Message History

The blast of sand hits Robin.
Robin is almost dead.
b - 56 stones The hobgoblin hits you with a club.
* * * LOW HITPOINT WARNING * * *
Robin closely misses you.
Casting: Sandblast
Confirm with . or Enter, or press ? or * to list all spells.
Aiming: Sandblast
Press: ? - help, Shift-Dir - straight line, f/p - Robin
Aim: Robin, wielding a short sword, wearing an animal skin and wearing a helmet (almost dead)
The blast of sand hits Robin.
You kill Robin!
Your Spellcasting skill increases to level 3!
Your Conjurations skill increases to level 1!
You have reached level 4!
You feel stronger.
b - 55 stones The hobgoblin hits you with a club.
You die...

#..###..........#
#..# #..........#
#..# #..........#
#..# #..........#
#..# #..........#
#..# #######.#..#
#..# #.#..# #gg#
#.#..# #.@#
#.#..# #..#
#....# #..#
#########..# #...
...........###
#.##
.............. #.
######.###### ..
#.# ## ####'##
#.....#


You could see 2 hobgoblins.

Vanquished Creatures
  Robin (D:2)
  A dart slug (D:1)
  A giant cockroach (D:1)
  7 hobgoblins
  3 jackals (D:1)
  3 kobolds (D:1)
  A quokka (D:2)
  A ball python (D:1)
  6 bats
  3 frilled lizards
  9 goblins
  4 rats (D:1)
40 creatures vanquished.

Notes
Turn   | Place    | Note
-------+----------+-------------------------------------------
     0 | D:1      | qqqbard the Gargoyle Earth Elementalist began the quest for the Orb.
     0 | D:1      | Reached XP level 1. HP: 10/10 MP: 3/3
   433 | D:1      | Reached XP level 2. HP: 10/15 MP: 5/5
   643 | D:1      | Reached skill level 4 in Earth Magic
   939 | D:1      | Reached XP level 3. HP: 19/19 MP: 4/7
  1014 | D:1      | Learned a level 3 spell: Stone Arrow
  1404 | D:2      | Noticed Robin
  1499 | D:2      | Killed Robin
  1499 | D:2      | Reached skill level 1 in Conjurations
  1499 | D:2      | Reached XP level 4. HP: 4/24 MP: 0/8
  1499 | D:2      | Slain by a hobgoblin

Vault maps used:
D:1:      doesnt_arrival_goblin_jail, minmay_misc_feat_ornament, minivault_5
D:2:      first_bread, uniq_robin

Skill      XL: |  1  2  3 |
---------------+----------+-----
Earth Magic    | 4 |  4.6
Spellcasting   | 3 |  3.0
Conjurations   | 1 |  1.0
Dodging        | |  1.5
Stealth        | |  2.1
Transmutations | |  0.7

Action                   |  1- 3 |  4- 6 || total
-------------------------+-------+-------++-------
Melee: Unarmed           |   107 |       ||   107
 Cast: Sandblast         |    48 |     1 ||    49
 Stab: Sleeping          |     1 |       ||     1
  Eat: Chunk             |     2 |       ||     2
Armor: Robe              |    54 |       ||    54
Dodge: Dodged            |    87 |       ||    87
